 Dungeon Crawl Stone Soup version 0.27.0-1-g7a089689b8 (webtiles) character file.

Game seed: 8435810380119497604

1 freelancePsychic the Conjurer (level 1, -1/10 HPs)
             Began as a Gargoyle Conjurer on Aug 8, 2021.
             Slain by a jackal (3 damage)
             ... on level 2 of the Dungeon.
             The game lasted 00:00:30 (63 turns).

freelancePsychic the Conjurer (Gargoyle Conjurer)     Turns: 63, Time: 00:00:31

Health: -1/10      AC:  4    Str: 10    XL:     1   Next: 20%
Magic:  2/3        EV: 11    Int: 18    God:
Gold:   12         SH:  0    Dex:  8    Spells: 3/4 levels left

rFire    . . .     SeeInvis .   (no weapon)
rCold    . . .     Faith    .   (no shield)
rNeg     + . .     Spirit   .   a - +0 robe
rPois    ∞         Reflect  .   (no helmet)
rElec    +         Harm     .   (no cloak)
rCorr    .         Rampage  .   (no gloves)
Will     .....                  (no boots)
Stlth    ++........             (no amulet)
HPRegen  0.03/turn              (no ring)
MPRegen  0.08/turn              (no ring)

@: no status effects
A: sickness immunity, AC +2, negative energy resistance 1, electricity
resistance, torment resistance 1, petrification resistance
a: no special abilities


You were on level 2 of the Dungeon.
You visited 1 branch of the dungeon, and saw 2 of its levels.

You collected 12 gold pieces.

Inventory:

Armour
 a - a +0 robe (worn)


   Skills:
 - Level 1.5 Dodging
 - Level 2.1 Stealth
 + Level 2.0 Spellcasting
 + Level 4.4 Conjurations


You had 3 spell levels left.
You knew the following spells:

 Your Spells              Type           Power      Damage    Failure   Level
a - Magic Dart            Conj           68%        1d6       3%          1

Your spell library contained the following spells:

 Spells                   Type           Power      Damage    Failure   Level
 Searing Ray              Conj           34%        3d4       4%          2
 Dazzling Flash           Conj/Hex       18%        N/A       22%         3
 Fulminant Prism          Conj/Hex       4%         3d6       58%         4
 Iskenderun's Mystic Bla  Conj/Tloc      9%         2d4       58%         4


Dungeon Overview and Level Annotations

Branches:
Dungeon (1/15)

Altars:


Innate Abilities, Weirdness & Mutations

You are immune to sickness and miasma.
Your stone body is resilient. (AC +2)
You are immune to poison.
You resist negative energy. (rN+)
You are resistant to electric shocks. (rElec)
You are resistant to unholy torment.
You are immune to petrification.


Message History

Found a throwing net.
The jackal barely misses you. The jackal bites you.
The jackal barely misses you. The jackal bites you.
The jackal barely misses you. The jackal bites you.
A kobold comes into view. It is wielding a +0 club.
A quokka comes into view.
The jackal bites you but does no damage.
There is a shaft here.
You fall into a shaft and drop 1 floor!
The shaft crumbles and collapses.
An adder, a rat, 2 jackals and a goblin come into view.
The jackal barks!
Found 9 gold pieces. 2 jackals come into view.
A quokka comes into view.
The jackal barks!
The goblin shouts!
The jackal closely misses you.
A goblin comes into view. It is wielding a +0 dagger.
The goblin shouts!
The rat twitches its whiskers.
The jackal misses you.
The jackal barks!
The rat bites you but does no damage. The jackal closely misses you.
The jackal barely misses you. The jackal bites you.
* * * LOW HITPOINT WARNING * * *
You aren't carrying any scrolls.
You aren't carrying any potions.
You aren't carrying any potions.
Unknown command.
Casting: Magic Dart (safe; 3% risk of failure)
Confirm with . or Enter, or press ? or * to list all spells.
Aiming: Magic Dart (safe; 3% risk of failure)
Press: ? - help, Shift-Dir - straight line, f - jackal
Aim: a jackal (100% to hit)
The magic dart hits the jackal.
The jackal is moderately wounded.
The jackal bites you.
You die...

.......#
..#.#.##
#g#....##
#.......###
#.........#
#......# #
#....#
#.####....##
#..@hhh..#.#.#
#####r.$.....#
.....Sg.##...#
######....#.....
#.h...#.####
#........#
#.........#
#..........#
............#


You could see 3 jackals, a goblin and a rat.

Vanquished Creatures
  A jackal (D:1)
1 creature vanquished.

Notes
Turn   | Place    | Note
-------+----------+-------------------------------------------
     0 | D:1      | freelancePsychic the Gargoyle Conjurer began the quest for
                  | the Orb.
     0 | D:1      | Reached XP level 1. HP: 10/10 MP: 3/3
    54 | D:1      | You fall into a shaft and drop 1 floor!
    63 | D:2      | Slain by a jackal

Illustrated notes

Levels and vault maps discovered:
D:1:      minmay_arrival_open_corners, layout_rooms,
          shapermc_ecumenical_altar_starsandcircs, grunt_decor_fettered,
          minmay_tetromino_o2
D:2:      layout_loops_ring

Action                   || total
-------------------------++-------
 Cast: Magic Dart        ||     4
Armor: Robe              ||     4
Dodge: Dodged            ||     8
